 Dungeon Crawl Stone Soup version 0.23.2-33-g5129a83184 (webtiles) character file.

Game seed: 7861461566474563985

4816 H0rd4k the Thaumaturge (level 10, -3/51 HPs)
             Began as a Deep Elf Wizard on June 27, 2019.
             Was an Elder of Sif Muna.
             Slain by a vampire
             ... wielding a +0 mace
              (9 damage)
             ... on level 9 of the Dungeon.
             The game lasted 00:37:11 (11575 turns).

H0rd4k the Thaumaturge (Deep Elf Wizard)           Turns: 11575, Time: 00:37:12

Health: -3/51      AC:  3    Str:  4    XL:     10   Next: 24%
Magic:  11/29      EV: 14    Int: 27    God:    Sif Muna [****..]
Gold:   464        SH:  0    Dex: 13    Spells: 20/36 levels left

rFire    . . .     SeeInvis .   (no weapon)
rCold    . . .     Gourm    .   (no shield)
rNeg     . . .     Faith    .   a - +0 robe
rPois    .         Spirit   .   b - +0 hat
rElec    .         Reflect  .   n - +0 cloak (curse)
rCorr    .         Harm     .   (no gloves)
MR       +....                  (no boots)
Stlth    ++++......             (no amulet)
HPRegen  0.17/turn              q - ring of flight
MPRegen  0.21/turn              F - ring of stealth

@: about to teleport
A: no striking features
a: Divine Energy, Channel Magic, Forget Spell, Renounce Religion, Evoke Flight


You were on level 9 of the Dungeon.
You worshipped Sif Muna.
Sif Muna was greatly pleased with you.
You were very hungry.

You visited 2 branches of the dungeon, and saw 10 of its levels.

You collected 500 gold pieces.
You spent 36 gold pieces at shops.

Inventory:

Hand Weapons
 i - a +0 vampiric short sword
 B - a +2 vampiric dagger
 C - a +1 short sword of holy wrath
Armour
 a - a +0 robe (worn)
 b - a +0 hat (worn)
 n - a cursed +0 cloak (worn)
Jewellery
 o - a +3 ring of protection
 q - a ring of flight (left hand)
 F - a ring of stealth (right hand)
 I - a +3 ring of slaying
 J - a cursed amulet of inaccuracy {unknown}
Wands
 x - a wand of random effects (18)
 H - a wand of acid (4)
Scrolls
 c - 11 scrolls of identify {unknown}
 e - 7 scrolls of teleportation
 f - a scroll of noise {unknown}
 j - 2 scrolls of fear {unknown}
 k - 4 scrolls of remove curse {unknown}
 p - a scroll of enchant weapon {unknown}
 s - 2 scrolls of amnesia {unknown}
 t - a scroll of vulnerability {unknown}
 v - a scroll of random uselessness {unknown}
 w - a scroll of enchant armour {unknown}
 y - a scroll of blinking {unknown}
 A - a scroll of immolation {unknown}
Potions
 g - 4 potions of heal wounds
 h - 4 potions of curing {unknown}
 l - a potion of lignification {unknown}
 m - 2 potions of ambrosia {unknown}
 r - a potion of berserk rage {unknown}
 u - a potion of brilliance {unknown}
 z - a potion of agility {unknown}
 D - a potion of might {unknown}
 E - a potion of degeneration {unknown}
 G - a potion of haste {unknown}
Comestibles
 d - 18 rations


   Skills:
 + Level 0.8 Fighting
 + Level 4.5 Dodging
 + Level 4.4 Stealth
 + Level 13.9 Spellcasting
 + Level 9.3 Conjurations
 + Level 1.9 Hexes
 + Level 2.3 Summonings
 + Level 2.7 Translocations
 + Level 2.9 Fire Magic
 + Level 0.1 Evocations


You had 20 spell levels left.
You knew the following spells:

 Your Spells              Type           Power        Failure   Level  Hunger
a - Magic Dart            Conj           ####         1%          1    None
b - Blink                 Tloc           N/A          1%          2    None
c - Conjure Flame         Conj/Fire      ######..     1%          3    None
d - Inner Flame           Hex/Fire       ####....     3%          3    None
e - Summon Guardian Gole  Hex/Summ       ####....     3%          3    None
f - Summon Lightning Spi  Summ/Air       ####....     19%         4    None

Your spell library contained the following spells:

 Spells                   Type           Power        Failure   Level  Hunger
 Corona                   Hex            ####...      1%          1    None
 Summon Small Mammal      Summ           ####         1%          1    None
 Call Imp                 Summ           ####....     1%          2    None
 Slow                     Hex            ####....     1%          2    None
 Mephitic Cloud           Conj/Pois/Air  #####...     2%          3    None
 Call Canine Familiar     Summ           ####....     3%          3    None
 Portal Projectile        Hex/Tloc       ####..       3%          3    None
 Cause Fear               Hex            ####......   13%         4    None
 Leda's Liquefaction      Hex/Erth       ###.......   19%         4    None
 Summon Ice Beast         Ice/Summ       ####....     19%         4    None


Dungeon Overview and Level Annotations

Branches:
Dungeon (9/15)             Temple (1/1) D:4            Lair (0/6) D:9
    Orc (0/2) D:9

Altars:
Ashenzari
Dithmenos
Elyvilon
Fedhas
Gozag
Kikubaaqudgha
Okawaru
Qazlal
Ru
Sif Muna
Trog
Vehumet
Xom

Shops:
D:6 *(*?

Annotations:
D:2 exclusion: downstairs
D:4 exclusion: downstairs
D:7 exclusion: wolf
D:8 exclusion: downstairs


Message History

Okay, then.
You are engulfed in blazing flames.
Something hits you. Something bites you!
Something draws strength from your injuries!
Unknown command.
You're too confused to cast spells.
There isn't anything here!
You bump into the rock wall.
Something hits you!
* * * LOW HITPOINT WARNING * * *
Something barely misses you.
You're too confused!
Unknown command.
You bump into the rock wall.
You feel less confused.
You hear some strange, mumbled words.
Something tries to affect you, but you resist.
As you read the scroll of teleportation, it crumbles to dust.
You feel strangely unstable. Something hits you.
* * * LOW HITPOINT WARNING * * *
Something bites you!
You die...

#........##
#....................
........##
##...................
.....(###
#...................
...####
#...................
####
##..................
#.)................
#.รท#...........#.##
##.##.......<..###
#@[#.......[..#
#..##.........##
#(.###.........#
##.###.........##
#..###.........##
#..# #..........#
##.# ##..........
#.## ##....>.... #..#
#.........


There were no monsters in sight!

Vanquished Creatures
  A hornet (D:8)
  2 hippogriffs (D:8)
  Grum (D:8)
  A hungry ghost (D:8)
  Menkaure (D:5)
  A phantom (D:6)
  An orc warrior (D:9)
  2 sky beasts
  2 ice beasts
  A black bear (D:8)
  A centaur (D:9)
  4 ogres
  A necrophage (D:7)
  4 wolves
  A big kobold (D:8)
  5 bullfrogs
  A gnoll sergeant (D:6)
  A water moccasin zombie (D:9)
  2 scorpions
  3 crimson imps
  A centaur zombie (D:7)
  5 hounds
  2 bullfrog skeletons
  2 jellies
  A gnoll shaman (D:8)
  8 orc priests
  14 orc wizards
  3 iguanas
  Terence (D:3)
  Natasha (thrice) (D:4)
  8 worker ants
  A hound zombie (D:5)
  11 adders
  11 gnolls
  2 shadow imps
  An ooze (D:6)
  3 worms
  2 dart slugs (D:1)
  8 leopard geckos
  29 orcs
  A giant cockroach (D:7)
  5 goblins
  7 hobgoblins
  9 jackals
  20 kobolds
  3 quokkas
  A ball python (D:1)
  6 bats
  5 frilled lizards
  A jackal skeleton (D:7)
  A leopard gecko zombie (D:9)
  A quokka skeleton (D:8)
  10 rats
222 creatures vanquished.

Notes
Turn   | Place    | Note
-------+----------+-------------------------------------------
     0 | D:1      | H0rd4k the Deep Elf Wizard began the quest for the Orb.
     0 | D:1      | Reached XP level 1. HP: 10/10 MP: 7/7
   291 | D:1      | Reached skill level 5 in Spellcasting
   291 | D:1      | Reached XP level 2. HP: 11/15 MP: 5/10
  1219 | D:2      | Reached XP level 3. HP: 18/19 MP: 4/12
  1379 | D:2      | Found a shattered altar of Ashenzari.
  1487 | D:2      | Found a shimmering altar of Xom.
  2126 | D:2      | Found a deep blue altar of Sif Muna.
  2163 | D:2      | Became a worshipper of Sif Muna the Loreminder
  2315 | D:3      | Noticed Terence
  2321 | D:3      | Learned a level 2 spell: Blink
  2325 | D:3      | Learned a level 3 spell: Conjure Flame
  2331 | D:3      | Reached skill level 6 in Spellcasting
  2662 | D:3      | Found a bloodstained altar of Trog.
  2782 | D:3      | Reached XP level 4. HP: 24/24 MP: 8/14
  3188 | D:4      | Noticed an ogre
  3198 | D:4      | Killed an ogre
  3198 | D:4      | Reached XP level 5. HP: 28/28 MP: 3/16
  3482 | D:4      | Noticed an orc warrior
  3509 | D:5      | Entered Level 5 of the Dungeon
  3509 | D:5      | Noticed an ice beast
  3585 | D:6      | Reached skill level 7 in Spellcasting
  3644 | D:6      | Found Izapnari's Weapon Emporium.
  3662 | D:6      | Found Ishorech's General Store.
  3773 | D:7      | Reached XP level 6. HP: 31/32 MP: 4/18
  3777 | D:7      | Reached * piety under Sif Muna
  3989 | D:7      | Found an ancient bone altar of Kikubaaqudgha.
  3989 | D:7      | Found a blossoming altar of Fedhas.
  4095 | D:7      | Reached skill level 1 in Fire Magic
  4158 | D:7      | Reached skill level 8 in Spellcasting
  4286 | D:7      | Reached XP level 7. HP: 35/36 MP: 9/20
  4395 | D:7      | Reached skill level 5 in Conjurations
  4476 | D:7      | Reached skill level 9 in Spellcasting
  4662 | D:7      | Reached ** piety under Sif Muna
  5094 | D:6      | Found a white marble altar of Elyvilon.
  5149 | D:6      | Found Edghaaq's Magic Scroll Emporium.
  5156 | D:6      | Bought a scroll of teleportation for 36 gold pieces
  5215 | D:6      | Reached XP level 8. HP: 41/41 MP: 14/23
  5363 | D:6      | Reached skill level 10 in Spellcasting
  5643 | D:6      | Found Rouquwn's General Store.
  5944 | D:5      | Noticed Menkaure
  5953 | D:5      | Killed Menkaure
  6499 | D:4      | Reached *** piety under Sif Muna
  6499 | D:4      | Reached skill level 11 in Spellcasting
  7010 | D:3      | Killed Terence
  7389 | D:2      | Reached XP level 9. HP: 4/46 MP: 15/26
  7774 | D:4      | Found a sacrificial altar of Ru.
  7988 | D:4      | Found a stormy altar of Qazlal.
  8009 | D:4      | Found a staircase to the Ecumenical Temple.
  8023 | D:4      | Noticed Natasha
  8026 | D:4      | Killed Natasha
  8048 | Temple   | Entered the Ecumenical Temple
  8083 | D:4      | Reached skill level 12 in Spellcasting
  8128 | D:4      | Found an iron altar of Okawaru.
  8205 | D:4      | Noticed Natasha
  8208 | D:4      | Killed Natasha
  8247 | D:4      | Noticed Natasha
  8251 | D:4      | Killed Natasha
  8400 | D:8      | Noticed Grum
  8638 | D:8      | Reached **** piety under Sif Muna
  8886 | D:8      | Found a radiant altar of Vehumet.
  9104 | D:8      | Learned a level 3 spell: Inner Flame
  9108 | D:8      | Learned a level 3 spell: Summon Guardian Golem
  9164 | D:8      | Reached skill level 13 in Spellcasting
  9444 | D:8      | Killed Grum
  9470 | D:8      | Reached skill level 1 in Hexes
  9744 | D:8      | Reached XP level 10. HP: 47/51 MP: 20/29
 10074 | D:8      | Found an opulent altar of Gozag.
 10330 | D:9      | Found a shadowy altar of Dithmenos.
 11166 | D:9      | Learned a level 4 spell: Summon Lightning Spire
 11271 | D:9      | Found a staircase to the Lair.
 11299 | D:9      | Found a staircase to the Orcish Mines.
 11575 | D:9      | Slain by a vampire

Skill      XL: |  1  2  3  4  5  6  7  8  9 10 |
---------------+-------------------------------+-----
Spellcasting   | 5 6 7 8 9 11 13 | 13.9
Conjurations   | 3 4 6 7 9 |  9.3
Dodging        | 3 4 |  4.5
Stealth        | 3 4 |  4.4
Fire Magic     | 1 2 |  2.9
Translocations | 2 |  2.7
Hexes          | 1 |  1.9
Summonings     | 2 |  2.3
Fighting       | |  0.8
Evocations     | |  0.1

Action                   |  1- 3 |  4- 6 |  7- 9 | 10-12 || total
-------------------------+-------+-------+-------+-------++-------
 Cast: Magic Dart        |   147 |   139 |   542 |   159 ||   987
       Conjure Flame     |       |     6 |    30 |    11 ||    47
       Blink             |       |       |     7 |     8 ||    15
       Inner Flame       |       |       |       |     5 ||     5
       Summon Guardian G |       |       |       |     1 ||     1
Evoke: Wand              |       |       |     4 |     1 ||     5
  Use: Potion            |       |       |     1 |       ||     1
       Scroll            |       |       |       |     1 ||     1
  Eat: Chunk             |     2 |     5 |    16 |     4 ||    27
       Ration            |     1 |       |       |       ||     1
Armor: Robe              |     7 |     6 |    34 |     5 ||    52
Dodge: Dodged            |    44 |    14 |    81 |    34 ||   173
